 Dungeon Crawl Stone Soup version 0.29-a0-284-gf9362112df (webtiles) character file.

Game seed: 13847305663454377344

1997 dolemite99 the Basher (level 9, -2/51 HPs)
             Began as a Gargoyle Fighter on Mar 14, 2022.
             Slain by an acid dragon (5 damage)
             ... on level 6 of the Dungeon on Mar 15, 2022.
             The game lasted 00:08:15 (7425 turns).

dolemite99 the Basher (Gargoyle Fighter)            Turns: 7425, Time: 00:08:15

Health: -2/51      AC: 14    Str: 24    XL:     9   Next: 21%
Magic:  9/9        EV:  6    Int:  9    God:
Gold:   327        SH:  0    Dex:  9    Spells: 8/8 levels left

rFire   . . .      SeeInvis .   a - +0 dire flail
rCold   . . .      Faith    .   (shield currently unavailable)
rNeg    + . .      Spirit   .   z - +0 plate armour
rPois   ∞          Reflect  .   m - +2 hat
rElec   +          Harm     .   (no cloak)
rCorr   .          Rampage  .   p - +0 pair of gloves
Will    .....                   B - +0 pair of boots
Stlth   ..........              (no amulet)
HPRegen 0.17/turn               (no ring)
MPRegen 0.11/turn               (no ring)

@: corroded, attractive
A: sickness immunity, AC +6, negative energy resistance 1, electricity
resistance, torment resistance 1, petrification resistance
a: no special abilities


You were on level 6 of the Dungeon.
You visited 1 branch of the dungeon, and saw 6 of its levels.

You collected 327 gold pieces.

Inventory:

Hand Weapons
 a - a +0 dire flail (weapon)
 f - a +0 flail
 g - a +0 hunting sling
 x - a +0 whip of draining
 D - a +0 short sword
Missiles
 d - 14 poisoned darts (quivered)
 i - 213 stones
Armour
 b - a +0 scale mail
 c - a +0 buckler
 m - a +2 hat (worn)
 p - a +0 pair of gloves (worn)
 z - a +0 plate armour (worn)
 B - a +0 pair of boots (worn)
Jewellery
 e - a +4 ring of protection
Wands
 o - a wand of acid (7)
 C - a wand of iceblast (8)
Scrolls
 h - 2 scrolls of amnesia {unknown}
 j - a scroll of blinking {unknown}
 k - 3 scrolls of noise {unknown}
 l - 3 scrolls of identify {@r1}
 s - 2 scrolls of teleportation
 u - a scroll of enchant armour {unknown}
 v - a scroll of summoning {unknown}
 y - a scroll of fog {unknown}
 E - a scroll of magic mapping {unknown}
Potions
 n - a potion of cancellation {unknown}
 q - a potion of brilliance {unknown}
 r - a potion of attraction
 t - 2 potions of curing
 w - a potion of haste {unknown}
 F - a potion of degeneration {unknown}
Miscellaneous
 A - a piece from Xom's chessboard (15/15)


   Skills:
 - Level 3.2 Fighting
 + Level 11.9 Maces & Flails
 - Level 3.2 Armour
 - Level 3.2 Shields


You had 8 spell levels left.
You didn't know any spells.
Your spell library contained the following spells:

 Spells                   Type           Power      Damage    Failure   Level
 Cause Fear               Hex            0%         N/A       100%        4
 Dragon Form              Tmut           0%         N/A       100%        7
 Dragon's Call            Summ           0%         N/A       100%        9


Dungeon Overview and Level Annotations

Branches:
Dungeon (6/15)
 Temple: D:4-7

Altars:
Elyvilon
Qazlal

Shops:
D:3 (


Innate Abilities, Weirdness & Mutations

You are immune to sickness and miasma.
Your stone body is resilient. (AC +6)
You are immune to poison.
You resist negative energy. (rN+)
You are resistant to electric shocks. (rElec)
You are resistant to unholy torment.
You are immune to petrification.


Message History

You barely miss the acid dragon.
The acid dragon is moderately wounded.
The acid dragon bites you!
The acid dragon claws you but does no damage.
You closely miss the acid dragon.
The acid dragon is moderately wounded.
The acid dragon bites you!
* * * LOW HITPOINT WARNING * * *
The acid dragon claws you but does no damage.
You hit the acid dragon.
The acid dragon is heavily wounded.
The acid dragon spits acid at you. The splash of acid hits you.
* * * LOW HITPOINT WARNING * * *
The acid corrodes you!
You closely miss the acid dragon.
The acid dragon is heavily wounded.
Okay, then.
You hit the acid dragon but do no damage.
The acid dragon is heavily wounded.
The acid dragon bites you but does no damage.
The acid dragon claws you but does no damage.
A wight comes into view. It is wielding a +0 short sword.
Okay, then.
Okay, then.
As you read the scroll labelled CARI CEINISIMO, it crumbles to dust.
It is a scroll of identify.
s - 2 scrolls of teleportation The acid dragon bites you.
* * * LOW HITPOINT WARNING * * *
The acid dragon barely misses you.
It was a potion of curing.
You feel better.
A wight comes into view.
It is wielding a +4 hand axe of freezing.
The acid dragon bites you!
* * * LOW HITPOINT WARNING * * *
The acid dragon completely misses you.
It was a potion of attraction.
You feel attractive to monsters. The acid dragon bites you.
You die...

#. #....##.......
#.. #.....##......
..# #.....###.....
#D# #.....##......
#.# #.....##.###..
#z## ##....#.## #..
#z# #...#.## ##..
#D## ###...# ##..#
##@.###....####.###
##...##.....###..#
#....#.†........##
#..............## #
#............### #
##..........## #
#..###.....# # ####
##.....# # ######.#


You could see an acid dragon and 2 wights.

Vanquished Creatures
  Sigmund (D:4)
  Eustachio (D:4)
  An ice beast (D:3)
  A black bear (D:6)
  A sky beast (D:5)
  An orc warrior (D:5)
  A phantom (D:5)
  A kobold brigand (D:5)
  A bullfrog (D:5)
  5 scorpions
  6 jellies
  An orc priest (D:5)
  7 hounds
  3 iguanas
  Natasha (thrice) (D:4)
  2 orc wizards
  10 adders
  2 gnolls (D:1)
  A shadow imp (D:6)
  2 white imps (D:6)
  2 ufetubi (D:6)
  A worm (D:2)
  A dart slug (D:4)
  7 orcs
  4 endoplasms
  3 giant cockroaches
  9 goblins
  9 hobgoblins
  4 jackals (D:4)
  5 quokkas
  6 ball pythons
  7 bats
  A frilled lizard (D:2)
  12 kobolds
  3 rats
125 creatures vanquished.

Vanquished Creatures (others)
  5 plants (D:3)
5 creatures vanquished.

Grand Total: 130 creatures vanquished

Notes
Turn   | Place    | Note
-------+----------+-------------------------------------------
     0 | D:1      | dolemite99 the Gargoyle Fighter began the quest for the
                  | Orb.
     0 | D:1      | Reached XP level 1. HP: 14/14 MP: 1/1
   323 | D:1      | Reached XP level 2. HP: 19/19 MP: 2/2
   428 | D:1      | Reached skill level 3 in Maces & Flails
   784 | D:1      | Reached XP level 3. HP: 23/23 MP: 3/3
  1212 | D:2      | Reached skill level 4 in Maces & Flails
  1376 | D:2      | Reached XP level 4. HP: 26/28 MP: 4/4
  1716 | D:2      | Found a white marble altar of Elyvilon.
  2066 | D:3      | Found Uwokkyed's Weapon Boutique.
  2430 | D:3      | Reached skill level 5 in Maces & Flails
  2430 | D:3      | Reached XP level 5. HP: 29/32 MP: 5/5
  2808 | D:3      | Noticed an ice beast
  2823 | D:3      | Killed an ice beast
  2824 | D:3      | Reached skill level 6 in Maces & Flails
  2824 | D:3      | Reached XP level 6. HP: 26/37 MP: 6/6
  2989 | D:3      | Found a stormy altar of Qazlal.
  3417 | D:4      | Noticed Natasha
  3424 | D:4      | Killed Natasha
  3631 | D:4      | Noticed Natasha
  3636 | D:4      | Killed Natasha
  3637 | D:4      | Reached skill level 7 in Maces & Flails
  3978 | D:4      | Reached XP level 7. HP: 41/41 MP: 7/7
  4067 | D:4      | Noticed Eustachio
  4069 | D:4      | Noticed Natasha
  4076 | D:4      | Killed Natasha
  4115 | D:4      | Killed Eustachio
  4116 | D:4      | Reached skill level 8 in Maces & Flails
  4377 | D:4      | Noticed Sigmund
  4380 | D:4      | Killed Sigmund
  4381 | D:4      | Reached skill level 9 in Maces & Flails
  4381 | D:4      | Reached XP level 8. HP: 46/46 MP: 8/8
  4753 | D:5      | Entered Level 5 of the Dungeon
  5302 | D:5      | Reached skill level 10 in Maces & Flails
  6448 | D:5      | Reached skill level 11 in Maces & Flails
  6984 | D:6      | Reached XP level 9. HP: 51/51 MP: 9/9
  7424 | D:6      | HP: 2/51 [acid dragon (11)]
  7425 | D:6      | Slain by an acid dragon

Illustrated notes

Levels and vault maps discovered:
D:1:      nzn_arrival_depleted_hourglass, layout_rooms, minmay_pentomino_p4
D:2:      layout_loops_corners, basic_altar
D:3:      layout_loops_ring, nicolae_qazlal_scattered_showers, serial_shops,
          shop, chequers_big_river, minivault_19, hangedman_decor_growths
D:4:      layout_gridville, roderic_roman_lattice, uniq_eustachio, uniq_natasha,
          uniq_sigmund
D:5:      layout_loops_ring, hellmonk_bongcloud_opening,
          nicolae_concentric_dashed_squares_mild
D:6:      layout_layer_cave, kennysheep_potato

Skill      XL: |  1  2  3  4  5  6  7  8 |
---------------+-------------------------+-----
Maces & Flails | 3 4 5 6 7 9 11 | 11.9
Fighting       | |  3.2
Armour         | |  3.2
Shields        | |  3.2

Action                   |  1- 3 |  4- 6 |  7- 9 || total
-------------------------+-------+-------+-------++-------
Melee: Flail             |    78 |   195 |    93 ||   366
       Whip              |       |    11 |    43 ||    54
       Dire flail        |       |       |   123 ||   123
Throw: Stone             |    23 |    27 |    10 ||    60
       Dart              |       |       |     7 ||     7
Evoke: Wand              |       |       |     2 ||     2
  Use: Potion            |       |     1 |     6 ||     7
       Scroll            |       |       |     1 ||     1
Armor: Scale mail        |    63 |   154 |    64 ||   281
       Plate armour      |       |       |    81 ||    81
Dodge: Dodged            |    66 |   114 |    76 ||   256
Block: Buckler           |    18 |    43 |    16 ||    77

Table legend: (Time is in decaauts)
 A = Elapsed time spent in this place.
 B = Non-inter-level travel time spent in this place.
 C = Inter-level travel time spent in this place.
 D = Time resting spent in this place.
 E = Time spent auto-exploring this place.
 F = Levels seen in this place.
 G = Mean time per level.
                   A        B        C        D        E       F      G
               +--------+--------+--------+--------+--------+-----+--------+
         Total |   7457 |   7308 |    149 |   2155 |   3663 |   6 | 1242.8 |
       Dungeon |   7457 |   7308 |    149 |   2155 |   3663 |   6 | 1242.8 |
               +--------+--------+--------+--------+--------+-----+--------+

Top non-repeatable levels by time:
     D:4: 1741 daAuts
     D:5: 1616 daAuts
     D:3: 1326 daAuts
     D:2: 1071 daAuts
     D:1: 1032 daAuts
     D:6: 669 daAuts
